cohdb
Replays
Latest Replays
All Replays
Popular Replays
Top Player Replays
Match Explorer
How It Works
Community
CoH3 Stats
Reddit
Sign in to upload your games and track your stats! →
Sign in with Steam
Match 42278703
Unlisted
Match 42278703
Overview
Messages
Build Orders
End
Kradschützen Motorcycle Team
Selects Battlefield Espionage Battlegroup
250 Light Carrier
Panzerpioneer Squad
Panzerpioneer Squad
Panzerpioneer Squad
Panzerpioneer Squad
Construct Light Support Kompanie
Selects Intel Disruption Beacon
Fire Support Elements
Flakvierling Half-track
2.5-tonne Medical Truck
Selects Transfer Depots
Construct Panzerarmee Kommand
Panzerpioneer Squad
Pak 38 Mechanized Group
Selects 250/3 Funkpanzerwagen
Panzer III L Medium Tank
Selects Advanced Ambush Training
Panzer III L Medium Tank
Vehicle Survival Package
Panzer III L Medium Tank
Selects Disruption Operation
Kitsuné
Dumais
BALCK_9
Eilte
0
0
Comments
sign in to comment!
No comments posted yet!